 Dungeon Crawl Stone Soup version 0.22.0-60-ga52c2fc (webtiles) character file.

63 Anon1729 the Chopper (level 4, -12/40 HPs)
             Began as a Naga Gladiator on Sept 9, 2018.
             Mangled by Sigmund
             ... wielding a +0 scythe
              (13 damage)
             ... on level 2 of the Dungeon.
             The game lasted 00:01:44 (1261 turns).

Anon1729 the Chopper (Naga Gladiator)               Turns: 1261, Time: 00:01:45

Health: -12/40     AC:  4    Str: 16    XL:     4   Next: 10%
Magic:  0/4        EV: 10    Int:  9    God:
Gold:   100        SH:  0    Dex: 13    Spells: 3/3 levels left

rFire    . . .     SeeInvis +   a - +0 war axe
rCold    . . .     Gourm    .   (no shield)
rNeg     . . .     Faith    .   b - +0 leather armour
rPois    +         Spirit   +   c - +0 helmet
rElec    .         Reflect  .   o - scarf {Spirit}
rCorr    .         Harm     .   (no gloves)
MR       .....                  (no barding)
Stlth    +.........             (no amulet)
HPRegen  0.13/turn              (no ring)
MPRegen  0.09/turn              (no ring)

@: short of breath, very slow
A: large, see invisible, deformed body, poison resistance, slowness 2, slow
metabolism 1, spit poison 1, AC +1
a: Spit Poison


You were on level 2 of the Dungeon.
You were hungry.

You visited 1 branch of the dungeon, and saw 2 of its levels.

You collected 100 gold pieces.

Inventory:

Hand Weapons
 a - a +0 war axe (weapon)
Missiles
 d - 3 throwing nets (quivered)
Armour
 b - a +0 leather armour (worn)
 c - a +0 helmet (worn)
 j - a +1 cloak
 o - a scarf of spirit shield (worn)
Scrolls
 g - a scroll of amnesia {unknown}
 i - 2 scrolls of enchant weapon {unknown}
 k - 2 scrolls of teleportation {unknown}
 l - a scroll of magic mapping {unknown}
 n - a scroll of immolation {unknown}
Potions
 e - 2 potions of haste {unknown}
 h - a potion of resistance {unknown}
Comestibles
 f - 4 rations
 m - 4 chunks of flesh


   Skills:
 + Level 2.4 Fighting
 * Level 3.8 Axes
 - Level 2.0 Throwing
 + Level 1.0 Armour
 + Level 2.8 Dodging


You had 3 spell levels left.
You didn't know any spells.
Your spell library was empty.

Dungeon Overview and Level Annotations

Branches:
Dungeon (2/15)

Altars:

Annotations:
D:2 Sigmund


Innate Abilities, Weirdness & Mutations

You cannot wear boots.
Your serpentine skin is tough. (AC +1)
You have supernaturally acute eyesight. (SInv)
Armour fits poorly on your strangely shaped body.
Your system is resistant to poisons. (rPois)
You cover ground very slowly.
You have a slow metabolism.
You can spit poison.


Message History

You barely miss Sigmund.
Sigmund is heavily wounded.
Sigmund's eyes start glowing with a red light.
Sigmund barely misses you.
You hit Sigmund but do no damage.
Sigmund is heavily wounded.
Sigmund hits you with a scythe!
* * * LOW HITPOINT WARNING * * *
Unknown command.
You completely miss Sigmund.
Sigmund is heavily wounded.
You have got your breath back.
Sigmund barely misses you.
Press: ? - help, Shift-Dir - straight line, f/p - Sigmund
Aim: Sigmund, wielding a scythe and wearing an embroidered robe (severely The splash of poison misses Sigmund.
You feel slightly more hungry.
Sigmund breathes a few words.
Sigmund's hands start flickering wildly.
Sigmund hits you with a scythe!
You die...

###.............
..
#.####........
#.# .. #...#..#.
#.. # #....##.#.
#..## #.##......
##.... ##
###...# #....##
##... #. #.#.@.#
#... #. #.#.#@##
#...
#.##.#.#).######
...
#..#....?.......
..
#......#†######
#(...###..#
##...### #...
#......# ###.
#......# ..
#.....(# .


You could see Sigmund.

Vanquished Creatures
  2 adders (D:2)
  An ooze (D:2)
  2 worms (D:2)
  2 ball pythons
  4 giant cockroaches
  5 goblins
  7 hobgoblins
  2 bats (D:1)
  5 kobolds
  2 rats
32 creatures vanquished.

Notes
Turn   | Place    | Note
-------+----------+-------------------------------------------
     0 | D:1      | Anon1729 the Naga Gladiator began the quest for the Orb.
     0 | D:1      | Reached XP level 1. HP: 19/19 MP: 1/1
   174 | D:1      | Reached XP level 2. HP: 20/26 MP: 2/2
   789 | D:2      | Reached XP level 3. HP: 25/32 MP: 3/3
  1214 | D:2      | Reached skill level 1 in Armour
  1214 | D:2      | Reached XP level 4. HP: 36/40 MP: 1/4
  1252 | D:2      | Noticed Sigmund
  1259 | D:2      | HP: 1/40 [Sigmund/scythe (10)]
  1261 | D:2      | Mangled by Sigmund

Skill      XL: |  1  2  3 |
---------------+----------+-----
Throwing       | 2 |  2.0
Armour         | 1 |  1.0
Fighting       | |  2.4
Axes           | |  3.8
Dodging        | |  2.8

Action                   |  1- 3 |  4- 6 || total
-------------------------+-------+-------++-------
Melee: War axe           |    81 |    10 ||    91
 Abil: Spit Poison       |       |     2 ||     2
Armor: Leather armour    |    26 |       ||    26
Dodge: Dodged            |    47 |     5 ||    52
